 Dungeon Crawl Stone Soup version 0.23.2-30-g0e89c35649 (webtiles) character file.

Game seed: 10930313678800974455

29 KamiKatze the Sneak (level 3, 0/18 HPs)
             Began as a Spriggan Assassin on June 17, 2019.
             Slain by a gnoll (8 damage)
             ... on level 1 of the Dungeon.
             The game lasted 00:04:25 (644 turns).

KamiKatze the Sneak (Spriggan Assassin)              Turns: 644, Time: 00:04:25

Health: 0/18       AC:  3    Str:  7    XL:     3   Next: 1%
Magic:  4/4        EV: 17    Int: 13    God:
Gold:   0          SH:  0    Dex: 17    Spells: 2/2 levels left

rFire    . . .     SeeInvis +   a - +2 dagger
rCold    . . .     Gourm    .   (shield restricted)
rNeg     . . .     Faith    .   c - +0 robe
rPois    .         Spirit   .   (helmet restricted)
rElec    .         Reflect  .   d - +0 cloak
rCorr    .         Harm     .   (gloves unavailable)
MR       .....                  (boots unavailable)
Stlth    +++.......             (no amulet)
HPRegen  0.06/turn              (no ring)
MPRegen  0.09/turn              (no ring)

@: very quick
A: very small, unfitting armour, see invisible, herbivore, speed 3, slow
metabolism 2
a: no special abilities


You were on level 1 of the Dungeon.
You were not hungry.

You visited 1 branch of the dungeon, and saw 1 of its levels.

Inventory:

Hand Weapons
 a - a +2 dagger (weapon)
 b - a +0 blowgun
Missiles
 e - 8 poisoned needles
 f - 2 curare-tipped needles
 k - 11 stones (quivered)
Armour
 c - a +0 robe (worn)
 d - a +0 cloak (worn)
Scrolls
 i - a scroll of magic mapping {unknown}
 l - a scroll of noise {unknown}
 m - a scroll of teleportation {unknown}
Potions
 h - a potion of ambrosia {unknown}
 j - a potion of haste {unknown}
 n - a potion of heal wounds {unknown}
Comestibles
 g - a ration


   Skills:
 + Level 1.9 Fighting
 * Level 2.8 Short Blades
 + Level 2.2 Throwing
 + Level 2.2 Dodging
 + Level 6.2 Stealth


You had 2 spell levels left.
You didn't know any spells.
Your spell library was empty.

Dungeon Overview and Level Annotations

Branches:
Dungeon (1/15)

Altars:


Innate Abilities, Weirdness & Mutations

You are very small and have problems with some larger weapons.
You are too small for most types of armour.
You have supernaturally acute eyesight. (SInv)
You are a herbivore.
You cover ground extremely quickly.
You need to consume almost no food.


Message History

Throwing (i - inventory)
k - 14 stones (quivered)
Press: ? - help, Shift-Dir - straight line, f/p - gnoll
Aim: a gnoll You throw a stone.
The stone hits the gnoll but does no damage.
Throwing (i - inventory)
k - 13 stones (quivered)
Press: ? - help, Shift-Dir - straight line, f/p - gnoll
Aim: a gnoll You throw a stone.
The stone hits the gnoll but does no damage.
Throwing (i - inventory)
k - 12 stones (quivered)
Press: ? - help, Shift-Dir - straight line, f/p - gnoll
Aim: a gnoll You throw a stone.
The stone closely misses the gnoll.
You hit the gnoll.
The gnoll is moderately wounded.
You hit the gnoll.
The gnoll is moderately wounded.
The gnoll hits you!
You die...

#.####.#.#.#####.### .
#$#................. .
....#...........##.....#.# #
####..#.#.#.......#......#.# #
..................#......#.# #
........#(#..............#.# #
.........(..###.###.###.##.######
......###>..(....................
........#.#.#(.g@................
###.#.#.#.#.#.###..........(((..(
.....>..#.#.#.###................
###..g###.#.#.#...###############
....=.......#.#...# ##.......## #
#.......#.#...g...###.........###
............#.....##...........##
.#.#.####...g....#......g÷(...÷÷÷
.#(....(....#.....##...........##


You could see a gnoll.

Vanquished Creatures
  An ooze (D:1)
  A dart slug (D:1)
  A leopard gecko (D:1)
  2 goblins (D:1)
  A hobgoblin (D:1)
  2 jackals (D:1)
  A ball python (D:1)
  A bat (D:1)
  A frilled lizard (D:1)
  2 kobolds (D:1)
  13 rats (D:1)
26 creatures vanquished.

Notes
Turn   | Place    | Note
-------+----------+-------------------------------------------
     0 | D:1      | KamiKatze the Spriggan Assassin began the quest for the
                  | Orb.
     0 | D:1      | Reached XP level 1. HP: 10/10 MP: 2/2
    34 | D:1      | Reached skill level 6 in Stealth
    42 | D:1      | Reached XP level 2. HP: 12/15 MP: 3/3
   496 | D:1      | Reached XP level 3. HP: 7/18 MP: 4/4
   644 | D:1      | Slain by a gnoll

Skill      XL: |  1  2 |
---------------+-------+-----
Stealth        | 6 |  6.2
Dodging        | 2 |  2.2
Fighting       | |  1.9
Short Blades   | |  2.8
Throwing       | |  2.2

Action                   || total
-------------------------++-------
Melee: Dagger            ||    72
Throw: Stone             ||    49
  Use: Scroll            ||     1
 Stab: Sleeping          ||     4
Armor: Robe              ||     7
Dodge: Dodged            ||    57
